 Dungeon Crawl Stone Soup version 0.29.1-4-g47bece8355 (webtiles) character file.

Game seed: 12697802756743012444

41 GorkyZ the Trooper (level 3, -7/23 HPs)
             Began as a Gargoyle Monk on Dec 3, 2022.
             Mangled by a gnoll
             ... wielding a +0 halberd
              (11 damage)
             ... on level 2 of the Dungeon.
             The game lasted 00:02:17 (1337 turns).

GorkyZ the Trooper (Gargoyle Monk)                  Turns: 1337, Time: 00:02:18

Health: -7/23      AC: 11    Str: 16    XL:     3   Next: 52%
Magic:  3/3        EV:  7    Int: 10    God:
Gold:   21         SH:  0    Dex: 12    Spells: 2/2 levels left

rFire   . . .      SeeInvis .   f - +0 dagger (venom)
rCold   . . .      Faith    .   (no shield)
rNeg    + . .      Spirit   .   i - +0 chain mail
rPois   ∞          Reflect  .   (no helmet)
rElec   +          Harm     .   (no cloak)
rCorr   .          Rampage  .   (no gloves)
Will    .....                   (no boots)
Stlth   ..........              (no amulet)
HPRegen 0.07/turn               (no ring)
MPRegen 0.08/turn               (no ring)

@: no status effects
A: sickness immunity, AC +3, negative energy resistance 1, electricity
resistance, torment resistance 1, petrification resistance
a: no special abilities


You were on level 2 of the Dungeon.
You visited 1 branch of the dungeon, and saw 2 of its levels.

You collected 21 gold pieces.

Inventory:

Hand Weapons
 a - a +0 mace
 f - a +0 dagger of venom (weapon)
Missiles
 d - 3 javelins (quivered)
Armour
 b - a +0 robe
 i - a +0 chain mail (worn)
Scrolls
 e - a scroll of teleportation {unknown}
 g - a scroll of blinking {unknown}
 j - a scroll of enchant weapon {unknown}
 l - 2 scrolls of identify {unknown}
Potions
 c - a potion of ambrosia
 h - a potion of attraction {unknown}
 k - a potion of haste {unknown}


   Skills:
 + Level 3.5 Fighting
 + Level 3.2 Maces & Flails
 + Level 0.8 Throwing
 + Level 1.0 Armour
 + Level 2.6 Dodging
 - Level 2.1 Stealth
 + Level 1.1 Evocations


You had 2 spell levels left.
You didn't know any spells.
Your spell library was empty.

Dungeon Overview and Level Annotations

Branches:
Dungeon (2/15)

Altars:


Innate Abilities, Weirdness & Mutations

You are immune to sickness and miasma.
Your stone body is resilient. (AC +3)
You are immune to poison.
You resist negative energy. (rN+)
You are resistant to electric shocks. (rElec)
You are resistant to unholy torment.
You are immune to petrification.


Message History

No target in view!
No target in view!
No target in view!
No target in view!
No target in view!
No target in view!
No target in view!
A gnoll comes into view. It is wielding a +0 spear.
A gnoll comes into view. It is wielding a +0 spear.
The gnoll shouts!
A gnoll comes into view. It is wielding a +0 halberd.
The gnoll shouts!
You hear a shout!
You see here a quokka corpse.
The gnoll hits you but does no damage.
You barely miss the gnoll. The gnoll hits you with a +0 spear.
The gnoll hits you but does no damage.
You hit the gnoll.
The gnoll is poisoned.
The gnoll is lightly wounded.
The gnoll hits you with a +0 spear.
The gnoll hits you from afar with a +0 spear.
You are too injured to fight recklessly!
You are too injured to fight recklessly!
You are too injured to fight recklessly!
You are too injured to fight recklessly!
You are too injured to fight recklessly!
You are too injured to fight recklessly!
You hit the gnoll but do no damage.
The gnoll looks as sick as possible!
The gnoll is lightly wounded.
The gnoll hits you from afar with a +0 spear.
* * * LOW HITPOINT WARNING * * *
The gnoll hits you but does no damage. The gnoll closely misses you.
The gnoll hits you from afar with a +0 spear.
* * * LOW HITPOINT WARNING * * *
You kill the gnoll!
The gnoll hits you but does no damage.
You hit the gnoll.
The gnoll is moderately wounded.
The gnoll hits you from afar with a +0 halberd!
You die...

#...g##...#
#.........# #g..#
#.†.# ###.# #.#####
########ggg..#
#.......####g#
+.........@g.#
#######.......######
..............+
....###.......#
..<.# #.......#
....# #########
....# ....# ..###


You could see 2 gnolls.

Vanquished Creatures
  A gnoll (D:2)
  An adder (D:2)
  2 endoplasms
  A giant cockroach (D:1)
  3 hobgoblins (D:1)
  3 quokkas
  2 ball pythons (D:1)
  4 bats
  A frilled lizard (D:1)
  2 goblins (D:1)
  A kobold (D:1)
  A rat (D:1)
22 creatures vanquished.

Notes
Turn   | Place    | Note
-------+----------+-------------------------------------------
     0 | D:1      | GorkyZ the Gargoyle Monk began the quest for the Orb.
     0 | D:1      | Reached XP level 1. HP: 14/14 MP: 1/1
     6 | D:1      | Noticed a killer bee
     6 | D:1      | Noticed a swamp worm
     6 | D:1      | Noticed an iguana
     7 | D:1      | Noticed a four-headed hydra
     7 | D:1      | Noticed a black bear
   454 | D:1      | Reached XP level 2. HP: 19/19 MP: 2/2
  1235 | D:2      | Reached skill level 1 in Evocations
  1235 | D:2      | Reached XP level 3. HP: 23/23 MP: 3/3
  1293 | D:2      | Reached skill level 1 in Armour
  1337 | D:2      | Mangled by a gnoll

Illustrated notes

Levels and vault maps discovered:
D:1:      onia_arrival_zoo_common, layout_loops_ring, st_stairs_12
D:2:      layout_basic

Skill      XL: |  1  2  3 |
---------------+----------+-----
Evocations     | 1 |  1.1
Armour         | 1 |  1.0
Fighting       | |  3.5
Maces & Flails | |  3.2
Throwing       | |  0.8
Dodging        | |  2.6
Stealth        | |  2.1

Action                   || total
-------------------------++-------
Melee: Mace              ||    42
       Dagger            ||    32
Armor: Robe              ||    19
       Chain mail        ||    26
Dodge: Dodged            ||    37
